 Dungeon Sprint DCSS version 0.26-a0-720-g2a1d101370 (webtiles) character file.

Game seed: 9411083768680803110

69 mhtbhm the Chopper (level 4, -6/45 HPs)
             Began as a Minotaur Berserker on Nov 3, 2020.
             Was a Believer of Trog.
             Mangled by a swamp drake (10 damage)
             ... in the Dungeon (Sprint VII: "The Pits").
             The game lasted 00:00:14 (42 turns).

mhtbhm the Chopper (Minotaur Berserker)               Turns: 42, Time: 00:00:15

Health: -6/45      AC:  2    Str: 22    XL:     4   Next: 2%
Magic:  3/3        EV: 13    Int:  4    God:    Trog [**....]
Gold:   0          SH:  0    Dex: 10    Spells: 3/3 levels left

rFire    . . .     SeeInvis .   a - +0 hand axe
rCold    . . .     Faith    .   (no shield)
rNeg     . . .     Spirit   .   b - +0 animal skin
rPois    .         Reflect  .   (helmet restricted)
rElec    .         Harm     .   (no cloak)
rCorr    .         Rampage  .   (no gloves)
MR       .....     NoTele   +   (no boots)
Stlth    +.........             (no amulet)
HPRegen  0.15/turn              (no ring)
MPRegen  0.08/turn              (no ring)

@: berserk cooldown, slowed, very slow
A: retaliatory headbutt, horns 2
a: Berserk, Trog's Hand, Renounce Religion


You were in the Dungeon.
You worshipped Trog.
Trog was pleased with you.
You visited 1 branch

Inventory:

Hand Weapons
 a - a +0 hand axe (weapon)
Armour
 b - a +0 animal skin (worn)
Scrolls
 h - a scroll of blinking
Potions
 c - a potion of curing
 d - a potion of heal wounds
 e - a potion of haste
 f - 2 potions of magic
 g - a potion of berserk rage


   Skills:
 + Level 6.9 Fighting
 + Level 7.0 Axes
 + Level 3.8 Armour
 + Level 3.4 Dodging


You had 3 spell levels left.
You didn't know any spells.
Your spell library was empty.

Dungeon Overview and Level Annotations

Branches:
Dungeon (1/1)

Altars:


Innate Abilities, Weirdness & Mutations

You reflexively headbutt those who attack you in melee.
You have a pair of horns on your head.


Message History

The orc is almost dead.
The orc is engulfed in noxious fumes.
The orc appears confused.
The orc closely misses you. You furiously retaliate!
You headbutt the orc.
You kill the orc!
Trog accepts your kill.
Your Axes skill increases to level 7!
You have reached level 4!
You feel agile.
The orc is engulfed in noxious fumes.
The orc appears confused.
You feel a strong urge to attack something.
You are no longer berserk.
You are exhausted.
You feel yourself slow down.
Something barely misses the swamp drake.
The swamp drake closely misses you. You furiously retaliate!
You headbutt the swamp drake!
You hit the swamp drake but do no damage.
The swamp drake is moderately wounded.
The swamp drake bites you!
You die...

##########++######
#................#
#......#..#......#
#................+
+...@k...........+
#......#))#......#
#........).......#
####'#####''######
#.......##○°#
#.......##.○##
#.......##...#
#...<...###.k.#
#.......# ##....


You could see a swamp drake.

Vanquished Creatures
  A bullfrog (D)
  3 orcs (D)
4 creatures vanquished.

Notes
Turn   | Place    | Note
-------+----------+-------------------------------------------
     0 | D        | mhtbhm the Minotaur Berserker began the quest for the Orb.
     0 | D        | Reached XP level 1. HP: 19/19 MP: 0/0
    14 | D        | Noticed a swamp drake
    14 | D        | Noticed a bullfrog
    27 | D        | Killed a bullfrog
    27 | D        | Reached skill level 6 in Axes
    27 | D        | Reached XP level 2. HP: 14/31 MP: 1/1
    27 | D        | Reached XP level 3. HP: 18/38 MP: 2/2
    29 | D        | Reached ** piety under Trog
    33 | D        | Reached skill level 7 in Axes
    33 | D        | Reached XP level 4. HP: 4/45 MP: 3/3
    42 | D        | Mangled by a swamp drake

Illustrated notes

Levels and vault maps discovered:
D:        pitsprint [storerooms_1, entrance_room_1, metal_vault_5, armoury_3,
          mini_pit_1, grid_room_1, main_hall_1, silver_pit, the_coven_3,
          the_vestibule_1, steel_vault_2, golden_pit, hallway_of_sentries,
          crystal_vault_2, iron_vault_1, final_vault]

Skill      XL: |  1  2  3 |
---------------+----------+-----
Fighting       | 6 |  6.9
Axes           | 6 7 |  7.0
Armour         | 3 |  3.8
Dodging        | 3 |  3.4

Action                   |  1- 3 |  4- 6 || total
-------------------------+-------+-------++-------
Melee: Hand axe          |     5 |     1 ||     6
       Headbutt          |     2 |       ||     2
Invok: Berserk           |     1 |       ||     1
Armor: Animal skin       |     1 |       ||     1
Dodge: Dodged            |     2 |     1 ||     3

Table legend: (Time is in decaauts)
 A = Elapsed time spent in this place.
 B = Non-inter-level travel time spent in this place.
 C = Inter-level travel time spent in this place.
 D = Time resting spent in this place.
 E = Time spent auto-exploring this place.
 F = Levels seen in this place.
 G = Mean time per level.
                   A        B        C        D        E       F      G
               +--------+--------+--------+--------+--------+-----+--------+
         Total |     40 |     40 |      0 |      0 |     14 |   1 |   40.0 |
       Dungeon |     40 |     40 |      0 |      0 |     14 |   1 |   40.0 |
               +--------+--------+--------+--------+--------+-----+--------+

Top non-repeatable levels by time:
       D: 40 daAuts
